 Dungeon Crawl Stone Soup version 0.30.0-15-g856e2d3f33 (webtiles) character file.

Game seed: 13577537620137698448

1666 oldmanjim the Skirmisher (level 8, -1/75 HPs)
             Began as a Minotaur Hunter on May 18, 2023.
             Was an Initiate of Gozag.
             Succumbed to Duvessa's poison
             ... on level 5 of the Dungeon.
             The game lasted 00:18:06 (4546 turns).

oldmanjim the Skirmisher (Minotaur Hunter)          Turns: 4546, Time: 00:18:07

Health: -1/75      AC: 12    Str: 16    XL:     8   Next: 69%
Magic:  7/7        EV: 13    Int:  6    God:    Gozag
Gold:   180        SH:  0    Dex: 16    Spells: 7/7 levels left

rFire   . . .        a - +0 shortbow
rCold   . . .        (shield currently unavailable)
rNeg    . . .        k - +2 ring mail {Will+}
rPois   .            (helmet restricted)
rElec   .            (no cloak)
rCorr   .            (no gloves)
SInv    .            w - +0 pair of boots
Will    +....        (no amulet)
Stlth   +            t - +4 ring of protection
HPRegen 0.32/turn    l - +4 ring of slaying
MPRegen 0.10/turn

%: no passive effects
@: lethally poisoned (-1 -> -10), hasted, very quick
A: horns 2, retaliatory headbutt
a: Renounce Religion, Potion Petition, Call Merchant, Bribe Branch


You were on level 5 of the Dungeon.
You worshipped Gozag.
Gozag was aware of your devotion.
You visited 2 branches of the dungeon, and saw 7 of its levels.

You collected 274 gold pieces.
You spent 33 gold pieces at shops.
You paid 61 gold pieces to Gozag.

Inventory:

Hand Weapons
 a - a +0 shortbow (weapon)
 m - a +0 dagger
 s - a +0 quarterstaff
 x - a +0 falchion
Missiles
 e - 38 stones
 y - 3 poisoned darts
Armour
 k - a +2 ring mail of willpower (worn)
 v - a +0 kite shield
 w - a +0 pair of boots (worn)
Jewellery
 i - a ring of wizardry
 l - a +4 ring of slaying (right hand)
 q - a ring of resist corrosion
 t - a +4 ring of protection (left hand)
Scrolls
 b - a scroll of immolation
 f - 3 scrolls of identify {unknown}
 h - a scroll of amnesia {unknown}
 j - 2 scrolls of fog {unknown}
 p - 3 scrolls of torment {unknown}
 C - 3 scrolls of vulnerability {unknown}
Potions
 c - a potion of resistance {unknown}
 d - a potion of curing {unknown}
 g - a potion of ambrosia {unknown}
 o - a potion of degeneration {unknown}
 r - a potion of heal wounds {unknown}
 u - a potion of brilliance {unknown}
 z - a potion of flight {unknown}
 A - a potion of mutation {unknown}
 B - a potion of attraction {unknown}


   Skills:
 + Level 8.7 Fighting
 + Level 8.8 Ranged Weapons
 - Level 6.0 Dodging
 - Level 0.7 Stealth


You had 7 spell levels left.
You didn't know any spells.
Your spell library contained the following spells:

 Spells                   Type           Power      Damage    Failure   Level
 Ensorcelled Hibernation  Hex/Ice        0%         N/A       82%         2
 Poisonous Vapours        Pois/Air       0%         N/A       82%         2
 Mephitic Cloud           Conj/Pois/Air  0%         N/A       96%         3
 Spider Form              Tmut/Pois      0%         N/A       96%         3
 Anguish                  Hex/Necr       0%         N/A       100%        4
 Freezing Cloud           Conj/Ice/Air   0%         6-21      100%        5


Dungeon Overview and Level Annotations

Branches:
Dungeon (6/15)             Temple (1/1) D:5

Altars:
Cheibriados
Dithmenos
Fedhas
Gozag
Makhleb
Nemelex Xobeh
Qazlal
Ru
Trog
Yredelemnul
Zin
The Shining One
Lugonu

Shops:
D:4 (=::(

Portals:
Abyss: D:3

Annotations:
D:3 2 transporters, BlasphemerAmon's ghost, amateur FoGl
D:6 Dowan; Duvessa


Innate Abilities, Weirdness & Mutations

You have a pair of horns on your head.
You reflexively headbutt those who attack you in melee.


Message History

Duvessa seems to speed up.
You feel sick.
You feel sick.
You feel sick.
Dowan mumbles some strange words.
Dowan blinks!
You feel sick.
You are no longer poisoned.
Duvessa hits you but does no damage.
You are poisoned.
Duvessa attacks as you move away!
Duvessa hits you with a +0 short sword of venom.
You are more poisoned.
You feel very sick.
You feel very sick. Duvessa hits you but does no damage.
You are more poisoned.
You feel very sick. Duvessa attacks as you move away!
Duvessa hits you with a +0 short sword of venom.
* * * LOW HITPOINT WARNING * * *
You feel very sick. Duvessa misses you. You furiously retaliate!
You headbutt Duvessa.
You feel sick.
There is an open door here.
You feel sick. Duvessa hits you but does no damage.
You are lethally poisoned!
* * * LOW HITPOINT WARNING * * *
You feel very sick.
There is a stone staircase leading up here.
* * * LOW HITPOINT WARNING * * *
You feel very sick. Duvessa hits you but does no damage. x2
You are more poisoned.
You climb upwards.
* * * LOW HITPOINT WARNING * * *
You feel very sick.
There is a stone staircase leading down here.
It was a potion of haste.
You feel yourself speed up.
You die...
Your body crumbles into a pile of gold.

..###...###......# #....'.#._.#
#................# #....'.#...#
......##.##......# #....#.###†#
#####.##..#......#####[...#.....#
..............#####.......#######
####..................<...# #.#.#
############....##..#########...#
#.........##.....................
#.#######.##.##.@................
#.# #...##.####################
#.# #.####.######.#............
#.# #.# #.#......#.###########
#.# #.####.#.####.#.# #.#
#......#.# #.#.# #.# #.####.#.#
#.#.# ..# #.# #.#.# #†#.#
##############.####.#.#


There were no monsters in sight!

Vanquished Creatures
  Maggie (D:6)
  Menkaure (D:5)
  A water moccasin (D:5)
  2 ice beasts
  2 phantoms
  5 scorpions
  3 hounds
  An orc priest (D:6)
  A jelly (D:6)
  An iguana (D:4)
  5 orc wizards
  15 adders
  2 worms
  4 dart slugs
  10 orcs
  5 bats
  4 endoplasms
  4 giant cockroaches
  4 goblins
  6 hobgoblins
  2 jackals (D:1)
  6 quokkas
  8 ball pythons
  4 frilled lizards
  6 kobolds
  7 rats
110 creatures vanquished.

Notes
Turn   | Place    | Note
-------+----------+-------------------------------------------
     0 | D:1      | oldmanjim the Minotaur Hunter began the quest for the Orb.
     0 | D:1      | Reached XP level 1. HP: 18/18 MP: 0/0
     0 | D:1      | Noticed a naga
     8 | D:1      | Noticed a troll
     9 | D:1      | Noticed a draconian
    15 | D:1      | Noticed a tengu
    15 | D:1      | Noticed a dwarf
    15 | D:1      | Noticed a dwarf
    19 | D:1      | Noticed a vampire
    19 | D:1      | Noticed a demonspawn
    21 | D:1      | Noticed a vine stalker
   209 | D:1      | Reached XP level 2. HP: 24/25 MP: 1/1
   559 | D:2      | Reached XP level 3. HP: 28/31 MP: 2/2
   841 | D:2      | Reached skill level 5 in Ranged Weapons
  1157 | D:2      | Reached XP level 4. HP: 38/38 MP: 3/3
  1322 | D:3      | Found a faded altar of an unknown god.
  1581 | D:3      | Found a transporter.
  1596 | D:3      | Noticed a small abomination
  1642 | D:3      | Found a transporter.
  1649 | D:3      | Found a one-way gate to the infinite horrors of the Abyss.
  1649 | D:3      | Noticed BlasphemerAmon's ghost (amateur FoGl)
  1876 | D:3      | Noticed a small abomination
  1974 | D:4      | Found Tiskyexi's Weapon Boutique.
  1976 | D:4      | Noticed a scorpion
  1992 | D:4      | Killed a scorpion
  1993 | D:4      | Reached XP level 5. HP: 34/47 MP: 4/4
  2051 | D:4      | Reached XP level 6. HP: 28/53 MP: 5/5
  2312 | D:4      | Reached skill level 5 in Fighting
  2358 | D:4      | Reached skill level 5 in Dodging
  2370 | D:4      | Found Ciubraodi's Jewellery Boutique.
  2378 | D:4      | Found Bunu's Antique Weapon Boutique.
  2580 | D:4      | Reached XP level 7. HP: 61/61 MP: 6/6
  2620 | D:4      | Found Wyhic's Book Shoppe.
  2687 | D:4      | Bought a +0 falchion for 33 gold pieces
  2769 | D:4      | Found Dexeatec's Book Emporium.
  2940 | D:5      | Entered Level 5 of the Dungeon
  3057 | D:5      | Noticed Menkaure
  3060 | D:5      | Killed Menkaure
  3076 | D:5      | Found a bloodstained altar of Trog.
  3203 | D:5      | Reached XP level 8. HP: 59/73 MP: 7/7
  3432 | D:5      | Found an opulent altar of Gozag.
  3725 | D:5      | Found a glowing golden altar of the Shining One.
  3860 | D:5      | Found a staircase to the Ecumenical Temple.
  3866 | Temple   | Entered the Ecumenical Temple
  3986 | D:5      | Became a worshipper of Gozag Ym Sagoz the Greedy
  4112 | D:6      | Noticed Maggie
  4130 | D:6      | HP: 3/73 [Maggie/+2 heavy glaive (18)]
  4131 | D:6      | Killed Maggie
  4515 | D:6      | Noticed Duvessa
  4519 | D:6      | Noticed Dowan
  4545 | D:5      | HP: 1/75 [poisoned by Duvessa]
  4546 | D:5      | Succumbed to Duvessa's poison

Illustrated notes

Levels and vault maps discovered:
D:1:      shiori_arrival_whats_in_store_for_you, layout_basic
D:2:      layout_loops_cross, minmay_close_crescents
D:3:      layout_basic, chequers_ecumenical_altar_simple_redux,
          gammafunk_ghost_abyssal_escape, kennysheep_generic_room_9
D:4:      layout_cave_pools, serial_forest, infiniplex_forest_clump_long,
          infiniplex_forest_lined_ring, infiniplex_forest_straight_4,
          infiniplex_forest_clump_small, infiniplex_forest_lined_room_2,
          infiniplex_forest_straight_2, serial_shops, nicolae_shop_stone,
          nicolae_inconvenience_store, shop, shop, nicolae_shop_real_fake_doors,
          kennysheep_generic_room_8
D:5:      layout_basic, mainiacjoe_overflow_alcove_4, tso_altar,
          mainiacjoe_overflow_six_doors_small,
          minmay_temple_entry_enclosed_plants, minmay_misc_feat_cross,
          kennysheep_boxes, uniq_menkaure
D:6:      layout_gridville, palyth_temple_overflow_mages,
          hangedman_abyss_or_decor_jellyfish_corner, uniq_maggie, uniq_duvessa
Temple:   corrupted_temple

Skill      XL: |  1  2  3  4  5  6  7  8 |
---------------+-------------------------+-----
Fighting       | 3 4 5 7 8 |  8.7
Dodging        | 3 4 5 6 |  6.0
Ranged Weapons | 5 6 7 8 |  8.8
Stealth        | |  0.7

Action                     |  1- 3 |  4- 6 |  7- 9 || total
---------------------------+-------+-------+-------++-------
   Fire: Shortbow          |   103 |   121 |   128 ||   352
    Use: Potion            |       |       |     1 ||     1
 Armour: Leather armour    |     7 |       |       ||     7
         Ring mail         |    12 |    34 |    40 ||    86
  Dodge: Dodged            |    24 |    38 |    33 ||    95
